cohdb
Replays
Latest Replays
All Replays
Popular Replays
Top Player Replays
Match Explorer
How It Works
Community
CoH3 Stats
Reddit
Sign in to upload your games and track your stats! →
Sign in with Steam
Match 41339001
Unlisted
Match 41339001
Overview
Messages
Build Orders
End
Construct Infanterie Kompanie
Selects Breakthrough Battlegroup
Selects Assault Grenadiers
MG 42 Machine Gun Team
Grenadier Squad
GrW 34 Mortar Team
Grenadier Squad
Construct Panzergrenadier Kompanie
Selects Rapid Production
251 Medium Carrier
Panzergrenadier Squad
Pioneer Squad
Panzergrenadier Officer Quarters
Panzergrenadier Squad
Support Elements
Selects Blitzkrieg
Nebelwerfer 42 Rocket Launcher Team
Pioneer Squad
Construct Panzer Kompanie
Panzer IV Medium Tank
Panzer IV Medium Tank
Side Skirts
Panzergrenadier Squad
Grenadier Squad
Selects Tiger Heavy Tank
Nebelwerfer 42 Rocket Launcher Team
Medical Station
Selects Smoke Bombing Run
Tiger Heavy Tank
波菜
我真的不是驴
BrianZ
Katunar
kappa
Gonta
BERKSHIRE10
Deadlych910
0
0
Comments
sign in to comment!
No comments posted yet!